 Dungeon Crawl Stone Soup version 0.30.0-29-ga12c61a403 (webtiles) character file.

Game seed: 3666332254319374344

237 croobank the Caller (level 6, -9/44 HPs)
             Began as a Gnoll Summoner on June 24, 2023.
             Mangled by Menkaure (23 damage)
             ... on level 4 of the Dungeon.
             The game lasted 00:09:12 (2752 turns).

croobank the Caller (Gnoll Summoner)                Turns: 2752, Time: 00:09:12

Health: -9/44      AC:  5    Str:  7    XL:     6   Next: 6%
Magic:  8/14       EV: 13    Int: 17    God:
Gold:   209        SH:  0    Dex: 12    Spells: 2/15 levels left

rFire   + . .        d - +1 dagger (venom)
rCold   + + .        (no shield)
rNeg    . . .        a - +0 robe
rPois   +            (no helmet)
rElec   +            (no cloak)
rCorr   +            x - +2 pair of gloves
SInv    .            (no boots)
Will    .....        (no amulet)
Stlth   +++          c - ring of protection from cold
HPRegen 0.27/turn    (no ring)
MPRegen 0.14/turn

%: no passive effects
@: resistant
A: fangs 1, strong nose, distributed training
a: no special abilities


You were on level 4 of the Dungeon.
You visited 1 branch of the dungeon, and saw 4 of its levels.

You collected 209 gold pieces.

Inventory:

Hand Weapons
 d - a +1 dagger of venom (weapon)
 l - a +2 short sword of draining
 u - a +3 dagger of speed
 y - a +0 morningstar
Missiles
 v - 3 poisoned darts
Armour
 a - a +0 robe (worn)
 m - a +0 leather armour
 x - a +2 pair of gloves (worn)
Magical Staves
 i - a staff of conjuration
Jewellery
 c - a ring of protection from cold (left hand)
Wands
 g - a wand of flame (3)
Scrolls
 h - 2 scrolls of teleportation
 q - 2 scrolls of immolation {unknown}
 s - a scroll of enchant armour {unknown}
 z - a scroll of fog {unknown}
Potions
 b - a potion of magic
 e - a potion of cancellation
 f - 2 potions of attraction
 j - a potion of ambrosia
 k - a potion of might
 o - 2 potions of haste


   Skills:
 + Level 1.8 Fighting
 + Level 1.8 Short Blades
 + Level 1.8 Long Blades
 + Level 1.8 Axes
 + Level 1.8 Maces & Flails
 + Level 1.8 Polearms
 + Level 1.8 Staves
 + Level 1.8 Ranged Weapons
 + Level 1.8 Throwing
 + Level 1.8 Armour
 + Level 4.9 Dodging
 + Level 4.5 Stealth
 + Level 1.8 Shields
 + Level 1.8 Unarmed Combat
 + Level 5.3 Spellcasting
 + Level 1.4 Conjurations
 + Level 1.4 Hexes
 + Level 7.2 Summonings
 + Level 1.4 Necromancy
 + Level 1.4 Translocations
 + Level 1.4 Transmutations
 + Level 1.4 Fire Magic
 + Level 1.4 Ice Magic
 + Level 1.4 Air Magic
 + Level 1.4 Earth Magic
 + Level 1.4 Poison Magic
 + Level 2.0 Invocations
 + Level 1.8 Evocations


You had 2 spell levels left.
You knew the following spells:

 Your Spells              Type           Power      Damage    Failure   Level
a - Summon Small Mammal   Summ           100%       N/A       1%          1
b - Call Imp              Summ           58%        N/A       1%          2
c - Call Canine Familiar  Summ           29%        N/A       1%          3
d - Summon Guardian Gole  Hex/Summ       19%        N/A       7%          3
e - Summon Lightning Spi  Summ/Air       19%        N/A       22%         4

Your spell library contained the following spells:

 Spells                   Type           Power      Damage    Failure   Level
 Portal Projectile        Hex/Tloc       18%        N/A       22%         3
 Leda's Liquefaction      Hex/Erth       4%         N/A       58%         4


Dungeon Overview and Level Annotations

Branches:
Dungeon (4/15)
 Temple: D:4-7

Altars:

Shops:
D:2 [

Annotations:
D:4 Menkaure


Innate Abilities, Weirdness & Mutations

You have very sharp teeth.
Your uncanny sense of smell can sniff out nearby items.
Your experience applies equally to all skills.


Message History

Your quokka bites the orc.
Your quokka closely misses Menkaure.
The orc completely misses you.
The orc hits your quokka with a +0 hand axe.
Your quokka dies!
Your quokka's corpse disappears in a puff of smoke!
Something hits your quokka. Lightning courses through your quokka!!
Your quokka dies!
Your quokka's corpse disappears in a puff of smoke!
Menkaure closely misses you. The ufetubus hits you.
The ufetubus closely misses you.
You hit Menkaure.
Menkaure is moderately damaged.
The orc hits you but does no damage. The ufetubus completely misses you. x2
Menkaure hits you but does no damage.
You barely miss Menkaure.
Menkaure is moderately damaged.
The ufetubus hits you but does no damage.
The ufetubus closely misses you.
You hear some strange, mumbled words.
You are confused.
The orc hits you with a +0 hand axe.
Menkaure mumbles some strange words.
Menkaure seems to speed up.
You completely miss the orc priest. The ufetubus barely misses you.
The ufetubus hits you. Something hits you.
You are electrocuted!
* * * LOW HITPOINT WARNING * * *
The orc priest misses you. The orc misses you. The ufetubus hits you.
* * * LOW HITPOINT WARNING * * *
The ufetubus misses you. Menkaure hits you but does no damage.
Okay, then.
It was a potion of resistance.
You feel protected. The ufetubus barely misses you. The ufetubus misses you.
Something hits you.
* * * LOW HITPOINT WARNING * * *
The orc priest hits you but does no damage.
The orc barely misses you. Menkaure barely misses you.
It was a potion of curing.
You feel better. The ufetubus misses you. The ufetubus completely misses you.
Menkaure hits you!!
Ouch! That really hurt!
You die...

#.............
####.8........ #...
#......##.. ...## ##
#......#.#.# #.....
...#........#..## .....
.........#......##...# #
##.#......#####..)#.##.#
####...#..####o5o..[...
#...#..#.#..@Mo.....
#.....#..........{......
####.##.......$.#.......
#. ##.....#.###...... ##
#........# ......
#...............##
###.#.....#....##
#.####..# .### ### #....


You could see Menkaure (fast), an orc priest, 2 orcs and an ufetubus.

Vanquished Creatures
  Jessica (D:3)
  2 adders (D:2)
  2 dart slugs
  An orc (D:4)
  4 endoplasms
  2 giant cockroaches
  3 goblins
  3 hobgoblins
  7 kobolds
  8 ball pythons
  4 bats
  2 frilled lizards (D:1)
  4 rats
43 creatures vanquished.

Vanquished Creatures (collateral kills)
  A black bear (D:4)
  A jelly (D:3)
  An orc (D:4)
  2 bats (D:1)
  An endoplasm (D:1)
  3 goblins (D:1)
  3 kobolds
  A quokka (D:2)
  5 frilled lizards
  2 rats
20 creatures vanquished.

Grand Total: 63 creatures vanquished

Notes
Turn   | Place    | Note
-------+----------+-------------------------------------------
     0 | D:1      | croobank the Gnoll Summoner began the quest for the Orb.
     0 | D:1      | Reached XP level 1. HP: 13/13 MP: 6/6
   170 | D:1      | Reached XP level 2. HP: 19/19 MP: 5/7
   173 | D:1      | Learned a level 2 spell: Call Imp
   349 | D:1      | Found a faded altar of an unknown god.
   627 | D:1      | Reached skill level 5 in Spellcasting
   627 | D:1      | Reached XP level 3. HP: 22/25 MP: 7/9
   874 | D:1      | Reached skill level 1 in Invocations
  1014 | D:2      | Reached skill level 1 in Fighting
  1014 | D:2      | Reached skill level 1 in Short Blades
  1014 | D:2      | Reached skill level 1 in Long Blades
  1014 | D:2      | Reached skill level 1 in Axes
  1014 | D:2      | Reached skill level 1 in Maces & Flails
  1014 | D:2      | Reached skill level 1 in Polearms
  1014 | D:2      | Reached skill level 1 in Staves
  1014 | D:2      | Reached skill level 1 in Ranged Weapons
  1014 | D:2      | Reached skill level 1 in Throwing
  1014 | D:2      | Reached skill level 1 in Armour
  1014 | D:2      | Reached skill level 1 in Shields
  1014 | D:2      | Reached skill level 1 in Unarmed Combat
  1014 | D:2      | Reached skill level 1 in Evocations
  1110 | D:2      | Reached XP level 4. HP: 18/32 MP: 7/11
  1366 | D:2      | You fall into a shaft and drop 1 floor!
  1461 | D:3      | Reached skill level 1 in Conjurations
  1461 | D:3      | Reached skill level 1 in Hexes
  1461 | D:3      | Reached skill level 1 in Necromancy
  1461 | D:3      | Reached skill level 1 in Translocations
  1461 | D:3      | Reached skill level 1 in Transmutations
  1461 | D:3      | Reached skill level 1 in Fire Magic
  1461 | D:3      | Reached skill level 1 in Ice Magic
  1461 | D:3      | Reached skill level 1 in Air Magic
  1461 | D:3      | Reached skill level 1 in Earth Magic
  1461 | D:3      | Reached skill level 1 in Poison Magic
  1940 | D:2      | Found Teacsu's Armour Shop.
  2365 | D:3      | Reached XP level 5. HP: 36/36 MP: 12/12
  2368 | D:3      | Noticed Jessica
  2371 | D:3      | Killed Jessica
  2510 | D:3      | Learned a level 3 spell: Call Canine Familiar
  2514 | D:3      | Learned a level 3 spell: Summon Guardian Golem
  2519 | D:3      | Learned a level 4 spell: Summon Lightning Spire
  2606 | D:4      | Noticed a black bear
  2625 | D:4      | Killed a black bear
  2626 | D:4      | Reached XP level 6. HP: 44/44 MP: 2/14
  2738 | D:4      | Noticed Menkaure
  2752 | D:4      | Mangled by Menkaure

Illustrated notes

Levels and vault maps discovered:
D:1:      ldierk_walled_garden_2, layout_loops_cross,
          hellmonk_ecumenical_altar_pennies_from_heaven, corexii_hall_statues_x
D:2:      layout_basic, serial_shops, nicolae_shop_rolling_square
D:3:      minmay_general_purpose_star, layout_basic, uniq_jessica
D:4:      dreamdust_elfheim, layout_cave_pools, kennysheep_mini_moat,
          serial_column_ruins, column_ruins_open_tiny, column_ruins_columns_T,
          column_ruins_open_large, column_ruins_columns_corner,
          column_ruins_open_tiny, portal_sewer_entry_f, uniq_edmund,
          uniq_menkaure

Skill      XL: |  1  2  3  4  5 |
---------------+----------------+-----
Spellcasting   | 5 |  5.3
Invocations    | 1 2 |  2.0
Fighting       | 1 |  1.8
Short Blades   | 1 |  1.8
Long Blades    | 1 |  1.8
Axes           | 1 |  1.8
Maces & Flails | 1 |  1.8
Polearms       | 1 |  1.8
Staves         | 1 |  1.8
Ranged Weapons | 1 |  1.8
Throwing       | 1 |  1.8
Armour         | 1 |  1.8
Shields        | 1 |  1.8
Unarmed Combat | 1 |  1.8
Evocations     | 1 |  1.8
Conjurations   | 1 |  1.4
Hexes          | 1 |  1.4
Necromancy     | 1 |  1.4
Translocations | 1 |  1.4
Transmutations | 1 |  1.4
Fire Magic     | 1 |  1.4
Ice Magic      | 1 |  1.4
Air Magic      | 1 |  1.4
Earth Magic    | 1 |  1.4
Poison Magic   | 1 |  1.4
Dodging        | |  4.9
Stealth        | |  4.5
Summonings     | |  7.2

Action                     |  1- 3 |  4- 6 || total
---------------------------+-------+-------++-------
  Melee: Dagger            |    61 |    56 ||   117
         Bite              |     4 |     4 ||     8
         Punch             |     1 |       ||     1
   Cast: Summon Small Mamm |    17 |     8 ||    25
         Call Imp          |     7 |     3 ||    10
         Call Canine Famil |       |     2 ||     2
    Use: Scroll            |       |     9 ||     9
         Potion            |       |     3 ||     3
   Stab: Sleeping          |     5 |     5 ||    10
 Armour: Robe              |    13 |    19 ||    32
  Dodge: Dodged            |    38 |    57 ||    95
